 Dungeon Crawl Stone Soup version 0.29.0-4-gdea44cf6ec (webtiles) character file.

Game seed: 6751111307746234355

22297 qw the Brawler (level 12, -2/119 HPs)
             Began as a Troll Cinder Acolyte on Sept 1, 2022.
             Was an Initiate of Okawaru.
             Slain by a five-headed hydra (3 damage)
             ... on level 2 of the Lair of Beasts.
             The game lasted 00:06:13 (11045 turns).

qw the Brawler (Troll Cinder Acolyte)              Turns: 11045, Time: 00:06:14

Health: -2/119     AC: 10    Str: 29    XL:     12   Next: 61%
Magic:  12/12      EV:  9    Int: 10    God:    Okawaru [......]
Gold:   707        SH:  0    Dex:  5    Spells: 13/13 levels left

rFire   . . .      SeeInvis .     - Unarmed
rCold   + . .      Faith    .   (no shield)
rNeg    . . .      Spirit   .   b - +2 robe {rC+}
rPois   .          Reflect  .   (helmet restricted)
rElec   .          Harm     .   (no cloak)
rCorr   .          Rampage  .   (gloves unavailable)
Will    .....                   (boots unavailable)
Stlth   +.........              (no amulet)
HPRegen 1.09/turn               c - +4 ring of protection
MPRegen 0.13/turn               l - +4 ring of slaying {mikee}

@: fire susceptible
A: large, unfitting armour, claws 3, regeneration 1, shaggy fur 1, tough skin 1
a: Renounce Religion


You were on level 2 of the Lair of Beasts.
You worshipped Okawaru.
Okawaru was noncommittal.
You visited 3 branches of the dungeon, and saw 16 of its levels.

You collected 707 gold pieces.


Innate Abilities, Weirdness & Mutations

You are too large for most types of armour.
You have claws for hands.
Your natural rate of healing is unusually fast.
You are covered in fur. (AC +1)
You have tough skin. (AC +1)


   Skills:
 - Level 8.1 Fighting
 - Level 7.1 Throwing
 - Level 1.0 Armour
 - Level 2.0 Dodging
 + Level 18.4 Unarmed Combat
 - Level 1.0 Spellcasting
 - Level 2.1 Fire Magic


You had 13 spell levels left.
You didn't know any spells.
Your spell library contained the following spells:

 Spells                   Type           Power      Damage    Failure   Level
 Scorch                   Fire           8%         2d5       22%         2

Inventory:

Armour
 a - a +0 troll leather armour
 b - a +2 robe of cold resistance (worn)
 i - a +0 kite shield
 k - a +1 robe of fire resistance
Jewellery
 c - a +4 ring of protection (left claw)
 l - a +4 ring of slaying (right claw) {mikee}
 n - a ring of fire
Scrolls
 g - 8 scrolls of identify
 h - 3 scrolls of enchant weapon
 p - a scroll of enchant armour
Potions
 d - 2 potions of haste
 e - 3 potions of mutation
 f - 4 potions of resistance
 j - 3 potions of might
 o - a potion of curing

Dungeon Overview and Level Annotations

Branches:
Dungeon (11/15)            Temple (1/1) D:4            Lair (4/5) D:11
  Swamp (0/4) Lair:3          Orc (0/2) D:11
  Snake: Lair:2-3    Spider: Lair:2-3     Slime: Lair:4-5

Altars:
Cheibriados
Dithmenos
Elyvilon
Fedhas
Hepliaklqana
Makhleb
Nemelex Xobeh
Okawaru
Qazlal
Ru
Sif Muna
Trog
Uskayaw
Vehumet
Wu Jian
Xom
Yredelemnul
Zin
The Shining One

Shops:
D:1 ?


Message History

The dream sheep bites you.
11033 ||| Stepping ~*~*~tactically~*~*~ (outnumbered).
11034 ||| Stepping ~*~*~tactically~*~*~ (outnumbered).
The dream sheep attacks as you move away!
The dream sheep bites you.
The dream sheep ruffle their wool and motes of dream dust sparkle, to no effect.
You mangle the dream sheep!!
You kill the dream sheep!
Okawaru accepts your kill.
The water moccasin bites something!
The water moccasin poisons something!
You mangle the dream sheep!!
You kill the dream sheep!
Okawaru accepts your kill.
You barely miss the water moccasin. You closely miss the water moccasin.
The water moccasin bites you.
You mangle the water moccasin!!
The water moccasin is almost dead.
The water moccasin bites you.
You completely miss the water moccasin. Your claw misses the water moccasin.
The water moccasin is almost dead.
The water moccasin completely misses you.
The dream sheep bites you but does no damage.
You miss the water moccasin.
The water moccasin is almost dead.
The water moccasin bites you but does no damage.
You claw the water moccasin!
You kill the water moccasin!
Okawaru accepts your kill.
The dream sheep ruffles its wool and motes of dream dust sparkle, to no effect.
11044 ||| Stepping ~*~*~tactically~*~*~ (outnumbered).
The dream sheep attacks as you move away!
The dream sheep bites you.
11045 ||| Stepping ~*~*~tactically~*~*~ (outnumbered).
The five-headed hydra attacks as you move away!
The five-headed hydra bites you but does no damage.
The five-headed hydra completely misses you.
The five-headed hydra bites you but does no damage.
The five-headed hydra bites you! The five-headed hydra bites you.
You die...

(..... ...............#
...... ...............#
....... ............#
...........# #.........#
.... ##........# ...S.
##P........# .. #D...
#..........##
.....#...#####@........#
......#...#PP##DY......##
.......#.......%........##
.........................#
........................##
............###.........#
.......P.....###.........#
.............##...[......#
........................##


You could see a five-headed hydra and a dream sheep.

Vanquished Creatures
  Fannar (D:11)
  A hydra (D:11)
  A boulder beetle (Lair:4)
  A two-headed ogre (D:10)
  An ugly thing (D:11)
  5 cane toads
  A black mamba (Lair:1)
  An unseen horror (D:11)
  2 rime drakes
  3 komodo dragons
  A queen bee (D:11)
  4 trolls
  Grinder (D:3)
  3 hornets
  3 dream sheep (Lair:2)
  8 blink frogs
  A vampire (D:7)
  2 fire elementals (Lair:2)
  27 yaks
  A wraith (D:7)
  A basilisk (Lair:1)
  Grum (D:10)
  3 humans (D:9)
  2 vampire mosquitoes (D:11)
  2 steam dragons
  2 acid dragons (D:10)
  8 water moccasins
  2 orc warriors (D:11)
  A black bear (Lair:1)
  2 wolves (D:10)
  4 centaurs
  A kobold brigand (D:10)
  8 bullfrogs
  A necrophage (D:7)
  A gnoll sergeant (D:10)
  2 scorpions (D:10)
  16 wights
  25 killer bees (D:11)
  2 howler monkeys
  A hound (D:6)
  A gnoll bouda (D:5)
  A jelly (D:6)
  9 orc priests
  Jessica (D:3)
  15 orc wizards
  3 iguanas
  Robin (D:3)
  8 gnolls
  13 adders
  3 white imps
  2 worms
  2 dart slugs (D:2)
  41 orcs
  7 ball pythons
  4 endoplasms
  4 giant cockroaches
  11 goblins
  7 hobgoblins
  6 jackals
  14 kobolds
  5 quokkas (D:1)
  11 bats
  3 frilled lizards
  8 rats
333 creatures vanquished.

Vanquished Creatures (others)
  An orc wizard (D:10)
  9 fungi
  6 plants
16 creatures vanquished.

Grand Total: 349 creatures vanquished

Notes
Turn   | Place    | Note
-------+----------+-------------------------------------------
     0 | D:1      | qw the Troll Cinder Acolyte began the quest for the Orb.
     0 | D:1      | Reached XP level 1. HP: 22/22 MP: 1/1
     0 | D:1      | 0 ||| qw: Version: 0.1-a-97-g2dd2ca4
     0 | D:1      | 0 ||| qw: Game counter: 4861
     0 | D:1      | 0 ||| qw: Always use a shield: true
     0 | D:1      | 0 ||| qw: God list: Okawaru
     0 | D:1      | 0 ||| qw: Allow faded altars: false
     0 | D:1      | 0 ||| qw: Do Orc after D:15 true
     0 | D:1      | 0 ||| qw: Do second Lair branch before Depths: true
     0 | D:1      | 0 ||| qw: Lair rune preference: random
     0 | D:1      | 0 ||| qw: Plans: Normal
     0 | D:1      | 0 ||| PLANNING D:1-11
    48 | D:1      | 48 ||| Stepping ~*~*~tactically~*~*~ (stealth).
    69 | D:1      | 69 ||| Stepping ~*~*~tactically~*~*~ (stealth).
   123 | D:1      | 123 ||| Stepping ~*~*~tactically~*~*~ (outnumbered).
   139 | D:1      | Found Juirr's Magic Scroll Emporium.
   143 | D:1      | 143 ||| SHOPLISTING scroll of identify (20 gold, have 0).
   202 | D:1      | Found a faded altar of an unknown god.
   219 | D:1      | Reached XP level 2. HP: 29/29 MP: 2/2
   472 | D:1      | Reached skill level 4 in Unarmed Combat
   619 | D:1      | 619 ||| READING scroll labelled IHONEG ZI BIY.
   736 | D:2      | 736 ||| Stepping ~*~*~tactically~*~*~ (stealth).
   745 | D:2      | Reached XP level 3. HP: 30/36 MP: 3/3
   820 | D:2      | 820 ||| Stepping ~*~*~tactically~*~*~ (stealth).
  1078 | D:2      | 1078 ||| Stepping ~*~*~tactically~*~*~ (stealth).
  1269 | D:2      | 1269 ||| Stepping ~*~*~tactically~*~*~ (stealth).
  1365 | D:2      | 1365 ||| DROPPING ring of wizardry.
  1366 | D:2      | 1366 ||| READING 4 scrolls labelled ISINUS PINT.
  1367 | D:2      | 1367 ||| READING scroll labelled EFIXAT JITAM.
  1368 | D:2      | 1368 ||| READING scroll labelled DOPRAD RIESI.
  1369 | D:2      | 1369 ||| READING scroll labelled RIOSUF IBOUVAWN.
  1370 | D:2      | 1370 ||| READING 2 scrolls labelled NUIJOX TOYL.
  1371 | D:2      | 1371 ||| DRINKING 2 fizzy ruby potions.
  1372 | D:2      | 1372 ||| READING 3 scrolls of identify.
  1372 | D:2      | 1372 ||| IDENTIFYING clear potion
  1373 | D:2      | 1373 ||| READING 2 scrolls of identify.
  1373 | D:2      | 1373 ||| IDENTIFYING viscous clear potion
  1374 | D:2      | 1374 ||| DROPPING potion of lignification.
  1375 | D:2      | 1375 ||| DROPPING potion of brilliance.
  1411 | D:3      | Reached XP level 4. HP: 42/44 MP: 4/4
  1416 | D:3      | 1416 ||| Stepping ~*~*~tactically~*~*~ (stealth).
  1450 | D:3      | 1450 ||| Stepping ~*~*~tactically~*~*~ (stealth).
  1459 | D:3      | Reached skill level 5 in Unarmed Combat
  1465 | D:3      | Noticed Jessica
  1475 | D:3      | Killed Jessica
  1486 | D:3      | 1486 ||| Stepping ~*~*~tactically~*~*~ (stealth).
  1699 | D:3      | Found a stormy altar of Qazlal.
  1699 | D:3      | Found a glowing golden altar of the Shining One.
  1699 | D:3      | Noticed Grinder
  1700 | D:3      | 1700 ||| Stepping ~*~*~tactically~*~*~ (hiding).
  1702 | D:3      | 1702 ||| Stepping ~*~*~tactically~*~*~ (hiding).
  1708 | D:3      | 1708 ||| INVOKING Fiery Armour.
  1712 | D:3      | Killed Grinder
  1713 | D:3      | Reached skill level 7 in Unarmed Combat
  1713 | D:3      | Reached XP level 5. HP: 15/50 MP: 5/5
  1713 | D:3      | Reached XP level 6. HP: 18/59 MP: 6/6
  1778 | D:3      | 1778 ||| Stepping ~*~*~tactically~*~*~ (stealth).
  1778 | D:3      | Noticed Robin
  1784 | D:3      | 1784 ||| Stepping ~*~*~tactically~*~*~ (outnumbered).
  1785 | D:3      | 1785 ||| Stepping ~*~*~tactically~*~*~ (outnumbered).
  1786 | D:3      | 1786 ||| Stepping ~*~*~tactically~*~*~ (outnumbered).
  1787 | D:3      | 1787 ||| Stepping ~*~*~tactically~*~*~ (outnumbered).
  1788 | D:3      | 1788 ||| Stepping ~*~*~tactically~*~*~ (outnumbered).
  1789 | D:3      | 1789 ||| Stepping ~*~*~tactically~*~*~ (hiding).
  1800 | D:3      | Killed Robin
  1961 | D:3      | 1961 ||| Stepping ~*~*~tactically~*~*~ (stealth).
  1968 | D:3      | 1968 ||| Stepping ~*~*~tactically~*~*~ (stealth).
  2188 | D:3      | 2188 ||| READING scroll labelled JEGGEG RIKHLU.
  2189 | D:3      | 2189 ||| DRINKING 3 puce potions.
  2190 | D:3      | 2190 ||| READING 4 scrolls of identify.
  2190 | D:3      | 2190 ||| IDENTIFYING red potion
  2191 | D:3      | 2191 ||| READING 3 scrolls of identify.
  2191 | D:3      | 2191 ||| IDENTIFYING sedimented pink potion
  2192 | D:3      | 2192 ||| READING 2 scrolls of identify.
  2192 | D:3      | 2192 ||| IDENTIFYING bubbling black potion
  2193 | D:3      | 2193 ||| DROPPING potion of flight.
  2459 | D:4      | Found a staircase to the Ecumenical Temple.
  2939 | D:4      | 2939 ||| READING scroll labelled LESO KOYLIWNU.
  2940 | D:4      | 2940 ||| READING scroll labelled CERUN YBBAEGH.
  2941 | D:4      | 2941 ||| READING scroll labelled UKHLURI HOALA.
  2942 | D:4      | 2942 ||| DRINKING 2 glowing black potions.
  2943 | D:4      | 2943 ||| DRINKING 2 yellow potions.
  2943 | D:4      | Reached skill level 14 in Unarmed Combat
  2943 | D:4      | Reached XP level 7. HP: 66/66 MP: 7/7
  2944 | D:4      | 2944 ||| DRINKING potion of experience.
  2944 | D:4      | Reached XP level 8. HP: 88/88 MP: 8/8
  2945 | D:4      | 2945 ||| Stepping randomly (stuck).
  2946 | D:4      | 2946 ||| Stepping ~*~*~tactically~*~*~ (cloud).
  3017 | D:5      | Entered Level 5 of the Dungeon
  3094 | D:5      | 3094 ||| Stepping ~*~*~tactically~*~*~ (stealth).
  3096 | D:5      | 3096 ||| Stepping ~*~*~tactically~*~*~ (hiding).
  3107 | D:5      | 3107 ||| Stepping ~*~*~tactically~*~*~ (outnumbered).
  3160 | D:5      | 3160 ||| Stepping ~*~*~tactically~*~*~ (hiding).
  3161 | D:5      | 3161 ||| Stepping ~*~*~tactically~*~*~ (hiding).
  3198 | D:5      | 3198 ||| Stepping ~*~*~tactically~*~*~ (hiding).
  3550 | D:5      | 3550 ||| READING scroll labelled SONOAZXYLU.
  3636 | D:6      | Reached skill level 1 in Dodging
  3836 | D:6      | 3836 ||| Stepping ~*~*~tactically~*~*~ (stealth).
  3849 | D:6      | Reached XP level 9. HP: 85/94 MP: 9/9
  4176 | D:6      | Found a radiant altar of Vehumet.
  4408 | D:6      | 4408 ||| READING 4 scrolls of identify.
  4408 | D:6      | 4408 ||| IDENTIFYING sapphire potion
  4409 | D:6      | 4409 ||| READING 3 scrolls of identify.
  4409 | D:6      | 4409 ||| IDENTIFYING fuming clear potion
  4410 | D:6      | 4410 ||| READING 2 scrolls of identify.
  4410 | D:6      | 4410 ||| IDENTIFYING orange potion
  4411 | D:6      | 4411 ||| DROPPING potion of berserk rage.
  4412 | D:6      | 4412 ||| DROPPING potion of invisibility.
  4565 | D:7      | Found a hide-covered altar of Uskayaw.
  4596 | D:7      | 4596 ||| Stepping ~*~*~tactically~*~*~ (hiding).
  4604 | D:7      | Reached skill level 1 in Throwing
  4826 | D:7      | 4826 ||| DRINKING potion of curing.
  4826 | D:7      | 4826 ||| (to cure confusion)
  4883 | D:7      | 4883 ||| Stepping ~*~*~tactically~*~*~ (stealth).
  4884 | D:7      | 4884 ||| Stepping ~*~*~tactically~*~*~ (stealth).
  4955 | D:7      | 4955 ||| Stepping ~*~*~tactically~*~*~ (outnumbered).
  4960 | D:7      | 4960 ||| INVOKING Fiery Armour.
  5218 | D:7      | 5218 ||| DROPPING ring of flight.
  5244 | D:8      | Found a sacrificial altar of Ru.
  5281 | D:8      | 5281 ||| INVOKING Fiery Armour.
  5366 | D:8      | 5366 ||| Stepping ~*~*~tactically~*~*~ (hiding).
  5435 | D:8      | 5435 ||| Stepping ~*~*~tactically~*~*~ (stealth).
  5436 | D:8      | 5436 ||| Stepping ~*~*~tactically~*~*~ (stealth).
  5437 | D:8      | 5437 ||| Stepping ~*~*~tactically~*~*~ (stealth).
  5440 | D:8      | 5440 ||| Stepping ~*~*~tactically~*~*~ (stealth).
  5450 | D:8      | 5450 ||| Stepping ~*~*~tactically~*~*~ (outnumbered).
  5454 | D:8      | 5454 ||| Stepping ~*~*~tactically~*~*~ (outnumbered).
  5455 | D:8      | 5455 ||| Stepping ~*~*~tactically~*~*~ (outnumbered).
  5456 | D:8      | 5456 ||| Stepping ~*~*~tactically~*~*~ (outnumbered).
  5457 | D:8      | 5457 ||| Stepping ~*~*~tactically~*~*~ (outnumbered).
  5458 | D:8      | 5458 ||| Stepping ~*~*~tactically~*~*~ (outnumbered).
  5460 | D:8      | 5460 ||| INVOKING Fiery Armour.
  5460 | D:8      | HP: 22/88 [wight/+1 long sword of freezing (2)]
  5461 | D:8      | 5461 ||| DRINKING 2 potions of heal wounds.
  5579 | D:8      | 5579 ||| Stepping ~*~*~tactically~*~*~ (stealth).
  5584 | D:8      | 5584 ||| Stepping ~*~*~tactically~*~*~ (stealth).
  5590 | D:8      | 5590 ||| Stepping ~*~*~tactically~*~*~ (outnumbered).
  5771 | D:8      | 5771 ||| Stepping ~*~*~tactically~*~*~ (outnumbered).
  5772 | D:8      | 5772 ||| Stepping ~*~*~tactically~*~*~ (outnumbered).
  5773 | D:8      | 5773 ||| Stepping ~*~*~tactically~*~*~ (outnumbered).
  5774 | D:8      | 5774 ||| Stepping ~*~*~tactically~*~*~ (outnumbered).
  5775 | D:8      | 5775 ||| Stepping ~*~*~tactically~*~*~ (outnumbered).
  5776 | D:8      | 5776 ||| Stepping ~*~*~tactically~*~*~ (outnumbered).
  5777 | D:8      | 5777 ||| Stepping ~*~*~tactically~*~*~ (outnumbered).
  5778 | D:8      | 5778 ||| Stepping ~*~*~tactically~*~*~ (outnumbered).
  5780 | D:8      | 5780 ||| FLEEEEING.
  5781 | D:8      | 5781 ||| FLEEEEING.
  5782 | D:8      | 5782 ||| FLEEEEING.
  5783 | D:8      | 5783 ||| FLEEEEING.
  5784 | D:8      | 5784 ||| FLEEEEING.
  5785 | D:8      | 5785 ||| FLEEEEING.
  5786 | D:8      | 5786 ||| FLEEEEING.
  5787 | D:8      | 5787 ||| FLEEEEING.
  5788 | D:8      | 5788 ||| FLEEEEING.
  5976 | D:8      | 5976 ||| UPGRADING to +0 steam dragon scales.
  5986 | D:8      | 5986 ||| DROPPING +0 robe.
  5987 | D:8      | 5987 ||| UPGRADING to +2 robe of willpower.
  5997 | D:8      | 5997 ||| UPGRADING to ring of resist corrosion.
  6130 | D:9      | 6130 ||| Stepping ~*~*~tactically~*~*~ (stealth).
  6133 | D:9      | 6133 ||| Stepping ~*~*~tactically~*~*~ (stealth).
  6134 | D:9      | Noticed a troll
  6135 | D:9      | 6135 ||| Stepping ~*~*~tactically~*~*~ (stealth).
  6141 | D:9      | Reached XP level 10. HP: 95/96 MP: 10/10
  6143 | D:9      | 6143 ||| Stepping ~*~*~tactically~*~*~ (outnumbered).
  6144 | D:9      | 6144 ||| Stepping ~*~*~tactically~*~*~ (outnumbered).
  6145 | D:9      | 6145 ||| Stepping ~*~*~tactically~*~*~ (outnumbered).
  6146 | D:9      | 6146 ||| Stepping ~*~*~tactically~*~*~ (outnumbered).
  6148 | D:9      | 6148 ||| Stepping ~*~*~tactically~*~*~ (outnumbered).
  6149 | D:9      | 6149 ||| Stepping ~*~*~tactically~*~*~ (outnumbered).
  6150 | D:9      | 6150 ||| Stepping ~*~*~tactically~*~*~ (outnumbered).
  6151 | D:9      | 6151 ||| Stepping ~*~*~tactically~*~*~ (outnumbered).
  6152 | D:9      | 6152 ||| Stepping ~*~*~tactically~*~*~ (outnumbered).
  6153 | D:9      | 6153 ||| Stepping ~*~*~tactically~*~*~ (outnumbered).
  6154 | D:9      | 6154 ||| Stepping ~*~*~tactically~*~*~ (outnumbered).
  6155 | D:9      | 6155 ||| Stepping ~*~*~tactically~*~*~ (outnumbered).
  6156 | D:9      | 6156 ||| Stepping ~*~*~tactically~*~*~ (outnumbered).
  6157 | D:9      | 6157 ||| Stepping ~*~*~tactically~*~*~ (outnumbered).
  6158 | D:9      | 6158 ||| Stepping ~*~*~tactically~*~*~ (outnumbered).
  6159 | D:9      | 6159 ||| Stepping ~*~*~tactically~*~*~ (outnumbered).
  6164 | D:9      | Reached skill level 15 in Unarmed Combat
  6233 | D:9      | 6233 ||| Stepping ~*~*~tactically~*~*~ (hiding).
  6274 | D:9      | 6274 ||| Stepping ~*~*~tactically~*~*~ (stealth).
  6281 | D:9      | 6281 ||| Stepping ~*~*~tactically~*~*~ (outnumbered).
  6283 | D:9      | 6283 ||| INVOKING Fiery Armour.
  6284 | D:9      | 6284 ||| Stepping ~*~*~tactically~*~*~ (outnumbered).
  6381 | D:9      | 6381 ||| Stepping ~*~*~tactically~*~*~ (hiding).
  6382 | D:9      | 6382 ||| Stepping ~*~*~tactically~*~*~ (hiding).
  6497 | D:9      | Reached skill level 3 in Throwing
  6679 | D:9      | Identified the +7 scimitar "Giant's Peril" {vorpal, rC+ rN+
                  | MP+9 Str-2}
  6839 | D:9      | 6839 ||| DROPPING +0 steam dragon scales.
  6840 | D:9      | 6840 ||| UPGRADING to +4 ring of slaying {mikee}.
  6841 | D:9      | 6841 ||| READING 6 scrolls of identify.
  6841 | D:9      | 6841 ||| IDENTIFYING murky puce potion
  6842 | D:9      | 6842 ||| DROPPING potion of magic.
  6882 | D:10     | Entered Level 10 of the Dungeon
  6887 | D:10     | 6887 ||| Stepping ~*~*~tactically~*~*~ (hiding).
  6924 | D:10     | 6924 ||| Stepping ~*~*~tactically~*~*~ (outnumbered).
  6925 | D:10     | 6925 ||| Stepping ~*~*~tactically~*~*~ (outnumbered).
  6927 | D:10     | 6927 ||| Stepping ~*~*~tactically~*~*~ (outnumbered).
  6928 | D:10     | 6928 ||| Stepping ~*~*~tactically~*~*~ (outnumbered).
  6929 | D:10     | 6929 ||| Stepping ~*~*~tactically~*~*~ (outnumbered).
  6930 | D:10     | 6930 ||| Stepping ~*~*~tactically~*~*~ (outnumbered).
  6931 | D:10     | 6931 ||| Stepping ~*~*~tactically~*~*~ (outnumbered).
  6932 | D:10     | 6932 ||| Stepping ~*~*~tactically~*~*~ (outnumbered).
  6933 | D:10     | 6933 ||| STAIRDANCE
  6935 | D:9      | 6935 ||| Stepping ~*~*~tactically~*~*~ (outnumbered).
  6936 | D:9      | 6936 ||| Stepping ~*~*~tactically~*~*~ (outnumbered).
  6937 | D:9      | 6937 ||| Stepping ~*~*~tactically~*~*~ (outnumbered).
  6938 | D:9      | 6938 ||| Stepping ~*~*~tactically~*~*~ (outnumbered).
  6939 | D:9      | 6939 ||| Stepping ~*~*~tactically~*~*~ (outnumbered).
  6940 | D:9      | 6940 ||| Stepping ~*~*~tactically~*~*~ (outnumbered).
  6975 | D:9      | 6975 ||| UPGRADING to +4 ring of protection.
  6977 | D:9      | 6977 ||| DROPPING ring of resist corrosion.
  7023 | D:10     | 7023 ||| Stepping ~*~*~tactically~*~*~ (stealth).
  7025 | D:10     | 7025 ||| Stepping ~*~*~tactically~*~*~ (hiding).
  7030 | D:10     | 7030 ||| Stepping ~*~*~tactically~*~*~ (hiding).
  7044 | D:10     | 7044 ||| Stepping ~*~*~tactically~*~*~ (stealth).
  7045 | D:10     | 7045 ||| Stepping ~*~*~tactically~*~*~ (stealth).
  7046 | D:10     | 7046 ||| Stepping ~*~*~tactically~*~*~ (stealth).
  7065 | D:10     | Noticed Grum
  7066 | D:10     | 7066 ||| Stepping ~*~*~tactically~*~*~ (hiding).
  7068 | D:10     | 7068 ||| Stepping ~*~*~tactically~*~*~ (hiding).
  7069 | D:10     | 7069 ||| INVOKING Fiery Armour.
  7070 | D:10     | Found a shimmering blue altar of Sif Muna.
  7072 | D:10     | Killed Grum
  7211 | D:10     | 7211 ||| INVOKING Fiery Armour.
  7879 | D:10     | Reached skill level 16 in Unarmed Combat
  7882 | D:10     | Found the +7 Singing Sword {vorpal, sonic wave}
  7954 | D:11     | Noticed a seven-headed hydra
  7954 | D:11     | Noticed a two-headed ogre
  7955 | D:11     | 7955 ||| STAIRDANCE
  7958 | D:10     | Killed a two-headed ogre
  7959 | D:10     | Reached XP level 11. HP: 63/111 MP: 11/11
  8006 | D:11     | 8006 ||| INVOKING Fiery Armour.
  8007 | D:11     | Killed an eight-headed hydra
  8008 | D:11     | 8008 ||| STAIRDANCE
  8073 | D:11     | 8073 ||| Stepping ~*~*~tactically~*~*~ (outnumbered).
  8074 | D:11     | 8074 ||| Stepping ~*~*~tactically~*~*~ (outnumbered).
  8078 | D:11     | 8078 ||| Stepping ~*~*~tactically~*~*~ (outnumbered).
  8088 | D:11     | 8088 ||| Stepping ~*~*~tactically~*~*~ (stealth).
  8095 | D:11     | Found a staircase to the Orcish Mines.
  8096 | D:11     | 8096 ||| Stepping ~*~*~tactically~*~*~ (stealth).
  8111 | D:11     | 8111 ||| Stepping ~*~*~tactically~*~*~ (stealth).
  8125 | D:11     | 8125 ||| Stepping ~*~*~tactically~*~*~ (stealth).
  8126 | D:11     | 8126 ||| Stepping ~*~*~tactically~*~*~ (stealth).
  8130 | D:11     | 8130 ||| Stepping ~*~*~tactically~*~*~ (hiding).
  8133 | D:11     | 8133 ||| Stepping ~*~*~tactically~*~*~ (hiding).
  8145 | D:11     | 8145 ||| Stepping ~*~*~tactically~*~*~ (hiding).
  8146 | D:11     | 8146 ||| Stepping ~*~*~tactically~*~*~ (hiding).
  8154 | D:11     | Paralysed by a hornet for 3 turns
  8157 | D:11     | 8157 ||| INVOKING Fiery Armour.
  8170 | D:11     | Noticed Fannar
  8171 | D:11     | 8171 ||| Stepping ~*~*~tactically~*~*~ (stealth).
  8173 | D:11     | 8173 ||| FLEEEEING.
  8174 | D:11     | 8174 ||| FLEEEEING.
  8175 | D:11     | 8175 ||| FLEEEEING.
  8176 | D:11     | 8176 ||| FLEEEEING.
  8177 | D:11     | 8177 ||| FLEEEEING.
  8178 | D:11     | 8178 ||| FLEEEEING.
  8179 | D:11     | 8179 ||| FLEEEEING.
  8180 | D:11     | 8180 ||| FLEEEEING.
  8181 | D:11     | 8181 ||| FLEEEEING.
  8182 | D:11     | 8182 ||| FLEEEEING.
  8183 | D:11     | 8183 ||| STAIRDANCE
  8229 | D:11     | 8229 ||| STAIRDANCE
  8258 | D:11     | 8258 ||| Stepping ~*~*~tactically~*~*~ (stealth).
  8260 | D:11     | 8260 ||| Stepping ~*~*~tactically~*~*~ (stealth).
  8261 | D:11     | 8261 ||| Stepping ~*~*~tactically~*~*~ (stealth).
  8263 | D:11     | 8263 ||| Stepping ~*~*~tactically~*~*~ (stealth).
  8264 | D:11     | 8264 ||| Stepping ~*~*~tactically~*~*~ (stealth).
  8265 | D:11     | 8265 ||| Stepping ~*~*~tactically~*~*~ (stealth).
  8274 | D:11     | 8274 ||| Stepping ~*~*~tactically~*~*~ (outnumbered).
  8281 | D:11     | 8281 ||| Stepping ~*~*~tactically~*~*~ (stealth).
  8282 | D:11     | 8282 ||| Stepping ~*~*~tactically~*~*~ (stealth).
  8284 | D:11     | 8284 ||| Stepping ~*~*~tactically~*~*~ (stealth).
  8292 | D:11     | Reached skill level 6 in Throwing
  8297 | D:11     | Noticed a green ugly thing
  8304 | D:11     | Killed a green ugly thing
  8313 | D:11     | 8313 ||| INVOKING Fiery Armour.
  8314 | D:11     | HP: 19/111 [Fannar/staff of cold (15)]
  8315 | D:11     | 8315 ||| DRINKING potion of heal wounds.
  8316 | D:11     | Killed Fannar
  8317 | D:11     | 8317 ||| Stepping ~*~*~tactically~*~*~ (outnumbered).
  8603 | D:11     | 8603 ||| INVOKING Fiery Armour.
  8751 | D:11     | Found a staircase to the Lair.
  8942 | D:11     | 8942 ||| PLANNING LAIR
  8942 | D:11     | 8942 ||| UPGRADING to +2 robe of cold resistance.
  8952 | D:11     | 8952 ||| DROPPING +2 robe of willpower.
  8953 | D:11     | 8953 ||| DROPPING +6 ring of intelligence.
  8985 | Lair:1   | Entered Level 1 of the Lair of Beasts
  8986 | Lair:1   | 8986 ||| INVOKING Fiery Armour.
  8987 | Lair:1   | 8987 ||| Stepping ~*~*~tactically~*~*~ (outnumbered).
  9030 | Lair:1   | 9030 ||| Stepping ~*~*~tactically~*~*~ (stealth).
  9045 | Lair:1   | Reached skill level 17 in Unarmed Combat
  9108 | Lair:1   | 9108 ||| Stepping ~*~*~tactically~*~*~ (hiding).
  9119 | Lair:1   | Reached XP level 12. HP: 92/119 MP: 12/12
  9185 | Lair:1   | 9185 ||| Stepping ~*~*~tactically~*~*~ (stealth).
  9347 | Lair:1   | 9347 ||| Stepping ~*~*~tactically~*~*~ (stealth).
  9348 | Lair:1   | 9348 ||| Stepping ~*~*~tactically~*~*~ (stealth).
  9357 | Lair:1   | 9357 ||| Stepping ~*~*~tactically~*~*~ (outnumbered).
  9358 | Lair:1   | 9358 ||| Stepping ~*~*~tactically~*~*~ (outnumbered).
  9359 | Lair:1   | 9359 ||| Stepping ~*~*~tactically~*~*~ (outnumbered).
  9360 | Lair:1   | 9360 ||| Stepping ~*~*~tactically~*~*~ (outnumbered).
  9361 | Lair:1   | 9361 ||| Stepping ~*~*~tactically~*~*~ (outnumbered).
  9362 | Lair:1   | 9362 ||| Stepping ~*~*~tactically~*~*~ (outnumbered).
  9363 | Lair:1   | 9363 ||| Stepping ~*~*~tactically~*~*~ (outnumbered).
  9364 | Lair:1   | 9364 ||| Stepping ~*~*~tactically~*~*~ (outnumbered).
  9365 | Lair:1   | 9365 ||| Stepping ~*~*~tactically~*~*~ (outnumbered).
  9366 | Lair:1   | 9366 ||| Stepping ~*~*~tactically~*~*~ (outnumbered).
  9367 | Lair:1   | 9367 ||| Stepping ~*~*~tactically~*~*~ (outnumbered).
  9368 | Lair:1   | 9368 ||| Stepping ~*~*~tactically~*~*~ (outnumbered).
  9369 | Lair:1   | 9369 ||| Stepping ~*~*~tactically~*~*~ (outnumbered).
  9370 | Lair:1   | 9370 ||| Stepping ~*~*~tactically~*~*~ (outnumbered).
  9371 | Lair:1   | 9371 ||| Stepping ~*~*~tactically~*~*~ (outnumbered).
  9372 | Lair:1   | 9372 ||| Stepping ~*~*~tactically~*~*~ (outnumbered).
  9373 | Lair:1   | 9373 ||| Stepping ~*~*~tactically~*~*~ (outnumbered).
  9374 | Lair:1   | 9374 ||| Stepping ~*~*~tactically~*~*~ (outnumbered).
  9375 | Lair:1   | 9375 ||| Stepping ~*~*~tactically~*~*~ (outnumbered).
  9376 | Lair:1   | 9376 ||| Stepping ~*~*~tactically~*~*~ (outnumbered).
  9377 | Lair:1   | 9377 ||| Stepping ~*~*~tactically~*~*~ (outnumbered).
  9378 | Lair:1   | 9378 ||| Stepping ~*~*~tactically~*~*~ (outnumbered).
  9379 | Lair:1   | 9379 ||| Stepping ~*~*~tactically~*~*~ (outnumbered).
  9380 | Lair:1   | 9380 ||| Stepping ~*~*~tactically~*~*~ (outnumbered).
  9381 | Lair:1   | 9381 ||| Stepping ~*~*~tactically~*~*~ (outnumbered).
  9382 | Lair:1   | 9382 ||| Stepping ~*~*~tactically~*~*~ (outnumbered).
  9383 | Lair:1   | 9383 ||| Stepping ~*~*~tactically~*~*~ (outnumbered).
  9384 | Lair:1   | 9384 ||| Stepping ~*~*~tactically~*~*~ (outnumbered).
  9385 | Lair:1   | 9385 ||| Stepping ~*~*~tactically~*~*~ (outnumbered).
  9386 | Lair:1   | 9386 ||| Stepping ~*~*~tactically~*~*~ (outnumbered).
  9387 | Lair:1   | 9387 ||| Stepping ~*~*~tactically~*~*~ (outnumbered).
  9388 | Lair:1   | 9388 ||| Stepping ~*~*~tactically~*~*~ (outnumbered).
  9389 | Lair:1   | 9389 ||| Stepping ~*~*~tactically~*~*~ (outnumbered).
  9390 | Lair:1   | 9390 ||| Stepping ~*~*~tactically~*~*~ (outnumbered).
  9391 | Lair:1   | 9391 ||| Stepping ~*~*~tactically~*~*~ (outnumbered).
  9392 | Lair:1   | 9392 ||| Stepping ~*~*~tactically~*~*~ (outnumbered).
  9393 | Lair:1   | 9393 ||| Stepping ~*~*~tactically~*~*~ (outnumbered).
  9394 | Lair:1   | 9394 ||| Stepping ~*~*~tactically~*~*~ (outnumbered).
  9395 | Lair:1   | 9395 ||| Stepping ~*~*~tactically~*~*~ (outnumbered).
  9396 | Lair:1   | 9396 ||| Stepping ~*~*~tactically~*~*~ (outnumbered).
  9397 | Lair:1   | 9397 ||| Stepping ~*~*~tactically~*~*~ (outnumbered).
  9398 | Lair:1   | 9398 ||| Stepping ~*~*~tactically~*~*~ (outnumbered).
  9399 | Lair:1   | 9399 ||| Stepping ~*~*~tactically~*~*~ (outnumbered).
  9400 | Lair:1   | 9400 ||| Stepping ~*~*~tactically~*~*~ (outnumbered).
  9401 | Lair:1   | 9401 ||| Stepping ~*~*~tactically~*~*~ (outnumbered).
  9903 | Lair:1   | 9903 ||| READING scroll labelled BALEGA COAPUT.
  9922 | Lair:2   | 9922 ||| PLANNING GAUNTLET
  9948 | Lair:2   | 9948 ||| Stepping ~*~*~tactically~*~*~ (outnumbered).
  9949 | Lair:2   | 9949 ||| Stepping ~*~*~tactically~*~*~ (outnumbered).
  9950 | Lair:2   | 9950 ||| Stepping ~*~*~tactically~*~*~ (outnumbered).
  9951 | Lair:2   | 9951 ||| Stepping ~*~*~tactically~*~*~ (outnumbered).
  9952 | Lair:2   | 9952 ||| Stepping ~*~*~tactically~*~*~ (outnumbered).
  9953 | Lair:2   | 9953 ||| Stepping ~*~*~tactically~*~*~ (outnumbered).
  9954 | Lair:2   | 9954 ||| Stepping ~*~*~tactically~*~*~ (outnumbered).
  9955 | Lair:2   | 9955 ||| Stepping ~*~*~tactically~*~*~ (outnumbered).
  9956 | Lair:2   | 9956 ||| STAIRDANCE
  9958 | Lair:1   | 9958 ||| Stepping ~*~*~tactically~*~*~ (outnumbered).
  9959 | Lair:1   | 9959 ||| Stepping ~*~*~tactically~*~*~ (outnumbered).
  9960 | Lair:1   | 9960 ||| Stepping ~*~*~tactically~*~*~ (outnumbered).
  9961 | Lair:1   | 9961 ||| Stepping ~*~*~tactically~*~*~ (outnumbered).
  9962 | Lair:1   | 9962 ||| Stepping ~*~*~tactically~*~*~ (outnumbered).
  9963 | Lair:1   | 9963 ||| Stepping ~*~*~tactically~*~*~ (outnumbered).
  9964 | Lair:1   | 9964 ||| Stepping ~*~*~tactically~*~*~ (outnumbered).
  9965 | Lair:1   | 9965 ||| Stepping ~*~*~tactically~*~*~ (outnumbered).
  9966 | Lair:1   | 9966 ||| Stepping ~*~*~tactically~*~*~ (outnumbered).
  9967 | Lair:1   | 9967 ||| Stepping ~*~*~tactically~*~*~ (outnumbered).
  9968 | Lair:1   | 9968 ||| Stepping ~*~*~tactically~*~*~ (outnumbered).
  9969 | Lair:1   | 9969 ||| Stepping ~*~*~tactically~*~*~ (outnumbered).
  9970 | Lair:1   | 9970 ||| Stepping ~*~*~tactically~*~*~ (outnumbered).
  9971 | Lair:1   | 9971 ||| Stepping ~*~*~tactically~*~*~ (outnumbered).
  9972 | Lair:1   | 9972 ||| Stepping ~*~*~tactically~*~*~ (outnumbered).
  9973 | Lair:1   | 9973 ||| Stepping ~*~*~tactically~*~*~ (outnumbered).
  9974 | Lair:1   | 9974 ||| Stepping ~*~*~tactically~*~*~ (outnumbered).
  9975 | Lair:1   | 9975 ||| Stepping ~*~*~tactically~*~*~ (outnumbered).
  9976 | Lair:1   | 9976 ||| Stepping ~*~*~tactically~*~*~ (outnumbered).
  9977 | Lair:1   | 9977 ||| Stepping ~*~*~tactically~*~*~ (outnumbered).
  9978 | Lair:1   | 9978 ||| Stepping ~*~*~tactically~*~*~ (outnumbered).
  9979 | Lair:1   | 9979 ||| Stepping ~*~*~tactically~*~*~ (outnumbered).
  9980 | Lair:1   | 9980 ||| Stepping ~*~*~tactically~*~*~ (outnumbered).
  9983 | Lair:1   | 9983 ||| Stepping ~*~*~tactically~*~*~ (outnumbered).
 10023 | Lair:2   | You fall into a shaft and drop 2 floors!
 10045 | Lair:4   | Noticed a boulder beetle
 10046 | Lair:4   | 10046 ||| INVOKING Fiery Armour.
 10057 | Lair:4   | Killed a boulder beetle
 10058 | Lair:4   | Reached skill level 18 in Unarmed Combat
 10110 | Lair:4   | Reached skill level 1 in Armour
 10154 | Lair:3   | Found a staircase to the Swamp.
 10251 | Lair:3   | 10251 ||| Stepping ~*~*~tactically~*~*~ (stealth).
 10278 | Lair:2   | 10278 ||| Stepping ~*~*~tactically~*~*~ (outnumbered).
 10293 | Lair:2   | 10293 ||| Stepping ~*~*~tactically~*~*~ (stealth).
 10338 | Lair:2   | 10338 ||| Stepping ~*~*~tactically~*~*~ (stealth).
 10340 | Lair:2   | 10340 ||| Stepping ~*~*~tactically~*~*~ (stealth).
 10344 | Lair:2   | 10344 ||| Stepping ~*~*~tactically~*~*~ (stealth).
 10345 | Lair:2   | 10345 ||| Stepping ~*~*~tactically~*~*~ (stealth).
 10346 | Lair:2   | 10346 ||| Stepping ~*~*~tactically~*~*~ (stealth).
 10349 | Lair:2   | 10349 ||| Stepping ~*~*~tactically~*~*~ (stealth).
 10350 | Lair:2   | 10350 ||| Stepping ~*~*~tactically~*~*~ (stealth).
 10351 | Lair:2   | 10351 ||| Stepping ~*~*~tactically~*~*~ (stealth).
 10352 | Lair:2   | 10352 ||| Stepping ~*~*~tactically~*~*~ (stealth).
 10407 | Lair:2   | 10407 ||| RIP GAUNTLET
 10413 | Lair:2   | 10413 ||| PLANNING TEMPLE
 10682 | Temple   | Entered the Ecumenical Temple
 10683 | Temple   | 10683 ||| PLANNING CONVERSION TO OKAWARU
 10686 | Temple   | Fell from the grace of Ignis
 10686 | Temple   | Became a worshipper of Warmaster Okawaru
 10687 | Temple   | 10687 ||| PLANNING LAIR
 10907 | Lair:2   | 10907 ||| Stepping ~*~*~tactically~*~*~ (stealth).
 10991 | Lair:2   | 10991 ||| FLEEEEING.
 10992 | Lair:2   | 10992 ||| FLEEEEING.
 10993 | Lair:2   | 10993 ||| FLEEEEING.
 10994 | Lair:2   | 10994 ||| FLEEEEING.
 10995 | Lair:2   | 10995 ||| FLEEEEING.
 10996 | Lair:2   | 10996 ||| FLEEEEING.
 10997 | Lair:2   | 10997 ||| FLEEEEING.
 11002 | Lair:2   | 11002 ||| Stepping ~*~*~tactically~*~*~ (outnumbered).
 11005 | Lair:2   | 11005 ||| FLEEEEING.
 11008 | Lair:2   | 11008 ||| Stepping ~*~*~tactically~*~*~ (outnumbered).
 11009 | Lair:2   | 11009 ||| Stepping ~*~*~tactically~*~*~ (outnumbered).
 11010 | Lair:2   | 11010 ||| Stepping ~*~*~tactically~*~*~ (outnumbered).
 11011 | Lair:2   | 11011 ||| Stepping ~*~*~tactically~*~*~ (outnumbered).
 11012 | Lair:2   | 11012 ||| Stepping ~*~*~tactically~*~*~ (outnumbered).
 11014 | Lair:2   | HP: 22/119 [dream sheep (22)]
 11015 | Lair:2   | 11015 ||| Stepping ~*~*~tactically~*~*~ (outnumbered).
 11016 | Lair:2   | 11016 ||| Stepping ~*~*~tactically~*~*~ (outnumbered).
 11017 | Lair:2   | 11017 ||| Stepping ~*~*~tactically~*~*~ (outnumbered).
 11018 | Lair:2   | 11018 ||| Stepping ~*~*~tactically~*~*~ (outnumbered).
 11022 | Lair:2   | HP: 7/119 [dream sheep (12)]
 11023 | Lair:2   | 11023 ||| Stepping ~*~*~tactically~*~*~ (outnumbered).
 11024 | Lair:2   | 11024 ||| Stepping ~*~*~tactically~*~*~ (outnumbered).
 11025 | Lair:2   | 11025 ||| Stepping ~*~*~tactically~*~*~ (outnumbered).
 11026 | Lair:2   | 11026 ||| Stepping ~*~*~tactically~*~*~ (outnumbered).
 11027 | Lair:2   | 11027 ||| Stepping ~*~*~tactically~*~*~ (outnumbered).
 11027 | Lair:2   | HP: 7/119 [dream sheep (4)]
 11028 | Lair:2   | 11028 ||| Stepping ~*~*~tactically~*~*~ (outnumbered).
 11029 | Lair:2   | 11029 ||| Stepping ~*~*~tactically~*~*~ (outnumbered).
 11030 | Lair:2   | Noticed a five-headed hydra
 11031 | Lair:2   | 11031 ||| Stepping ~*~*~tactically~*~*~ (outnumbered).
 11032 | Lair:2   | 11032 ||| Stepping ~*~*~tactically~*~*~ (outnumbered).
 11032 | Lair:2   | HP: 9/119 [dream sheep (4)]
 11033 | Lair:2   | 11033 ||| Stepping ~*~*~tactically~*~*~ (outnumbered).
 11034 | Lair:2   | 11034 ||| Stepping ~*~*~tactically~*~*~ (outnumbered).
 11039 | Lair:2   | HP: 6/119 [water moccasin (4)]
 11044 | Lair:2   | 11044 ||| Stepping ~*~*~tactically~*~*~ (outnumbered).
 11044 | Lair:2   | HP: 7/119 [dream sheep (1)]
 11045 | Lair:2   | 11045 ||| Stepping ~*~*~tactically~*~*~ (outnumbered).
 11045 | Lair:2   | HP: 1/119 [five-headed hydra (7)]
 11045 | Lair:2   | Slain by a five-headed hydra

Levels and vault maps discovered:
D:1:      amcnicky_arrival_gap_in_the_tavern_cellar, layout_loops_cross,
          chequers_ecumenical_altar_simple_redux, serial_shops, shop
D:2:      layout_basic
D:3:      layout_basic, chequers_temple_overflow_statue_of_worship,
          serial_bayou_pond_b, minmay_pentomino_pile, uniq_grinder,
          uniq_jessica, uniq_robin
D:4:      layout_basic, minmay_temple_entry_offerings
D:5:      layout_rooms
D:6:      layout_basic, vehumet_altar_wand_db
D:7:      layout_loops_cross, mainiacjoe_overflow_chevrons, sigmund_army
D:8:      layout_gridville, mainiacjoe_overflow_catwalk
D:9:      layout_long_grid, chequers_serial_rivers_room_a, minmay_ruffians
D:10:     old_forge, layout_long_grid, led_sif_book, uniq_grum
D:11:     layout_roguey [special_room_bee], lair_entry_dummy, hiddenorc2_lemuel,
          uniq_fannar
Temple:   nicolae_temple_x_marks_the_god
Lair:1:   layout_hall_layers, minivault_19
Lair:2:   layout_gridlike, gauntlet_entry_generic
Lair:3:   beast_lair_carwin_large_4, layout_regular_city, swamp_mist,
          spider_nest_entry_rubble, chequers_serial_rivers_micro_e,
          chequers_serial_rivers_room_a, kennysheep_rathole
Lair:4:   layout_roguey, minivault_11, infiniplex_staircase_pool_2

Skill      XL: |  1  2  3  4  5  6  7  8  9 10 11 12 |
---------------+-------------------------------------+-----
Unarmed Combat | 4 7 14 16 17 18 | 18.4
Fighting       | 8 |  8.1
Dodging        | 1 2 |  2.0
Throwing       | 2 4 7 |  7.1
Armour         | 1 |  1.0
Spellcasting   | |  1.0
Fire Magic     | |  2.1

Action                   |  1- 3 |  4- 6 |  7- 9 | 10-12 || total
-------------------------+-------+-------+-------+-------++-------
Melee: Unarmed           |    99 |   103 |   157 |   385 ||   744
       Punch             |       |     3 |     3 |    30 ||    36
Throw: Large rock        |       |       |    24 |    34 ||    58
       Boomerang         |       |       |     5 |    17 ||    22
Invok: Fiery Armour      |       |     1 |     3 |     9 ||    13
  Use: Scroll            |     8 |     7 |     4 |     2 ||    21
       Potion            |     1 |     3 |     3 |     1 ||     8
 Stab: Held in net/web   |       |       |       |     1 ||     1
Armor: Robe              |    22 |    40 |    30 |   153 ||   245
Dodge: Dodged            |    35 |    27 |    42 |   161 ||   265

Table legend:
 A = Non-vault XP
 B = Vault XP
 C = Vault XP percentage of total XP
 D = Non-vault monster count
 E = Vault monster count
 F = Vault count percentage of total count
                 A         B        C        D         E       F
            +---------+---------+-------+---------+---------+-------
      Total |   24895 |    5343 |  17.7 |     225 |     106 |  32.0
            +---------+---------+-------+---------+---------+-------
        D:1 |      30 |       0 |   0.0 |      17 |       0 |   0.0
        D:2 |      58 |       0 |   0.0 |      19 |       0 |   0.0
        D:3 |      49 |     391 |  88.9 |      12 |      22 |  64.7
        D:4 |      50 |       0 |   0.0 |      13 |       0 |   0.0
        D:5 |     209 |       0 |   0.0 |      11 |       0 |   0.0
        D:6 |     515 |       2 |   0.4 |      11 |       1 |   8.3
        D:7 |    1105 |      22 |   2.0 |      12 |       4 |  25.0
        D:8 |    1110 |       0 |   0.0 |      22 |       0 |   0.0
        D:9 |    2246 |     570 |  20.2 |      22 |       3 |  12.0
       D:10 |    2496 |     634 |  20.3 |      18 |      16 |  47.1
       D:11 |    4671 |    3316 |  41.5 |      17 |      58 |  77.3
     Lair:1 |    6736 |       0 |   0.0 |      31 |       0 |   0.0
     Lair:2 |    4170 |       0 |   0.0 |      16 |       0 |   0.0
     Lair:3 |     181 |     408 |  69.3 |       2 |       2 |  50.0
     Lair:4 |    1269 |       0 |   0.0 |       2 |       0 |   0.0
            +---------+---------+-------+---------+---------+-------
